AoeStats
← Clueless Clown

MegaRandom

508542877Analyzed
4v4 RM · 9d ago on Sep 22, 2026· 47m 13s· 8 players
Game mode
Random Map
Map size
Large (8 player)
Population
200
Speed
Normal
Resources
Standard
Victory
Conquest
Starting age
Dark Age
Ending age
Imperial Age
RankedLock teamsTeams togetherTeam positionsShared explorationLock speedFull tech treeHidden civsTurbo modeCheats
Victory
Defeat
🇨🇳 Berbers · China
1250
+13
1241
+14
🇨🇳 Britons · China
1229
+14
🇨🇳 Saxons · China
1139
+18
🇺🇸 Franks · United States
1276
-17
🇪🇸 Varangians · Spain
1215
-16
🇺🇸 Saxons · United States
1137
-13
🇨🇱 Vietnamese · Chile
1135
-13
Clueless Clown
5:15 Loom
8:57 Feudal Age
9:44 Double-Bit Axe
9:53 Horse Collar
16:11 Castle Age
24:12 Wheelbarrow
24:11 Gold Mining
24:22 Gambesons
26:36 Bow Saw
26:35 Heavy Plow
27:52 Fletching
28:03 Padded Archer Armor
27:29 Elite Skirmisher
29:08 Hand Cart
28:57 Bodkin Arrow
29:41 Leather Archer Armor
31:16 Thumb Ring
31:38 Ballistics
32:50 Squires
32:44 Arson
33:04 Stone Mining
33:25 Scale Mail Armor
33:35 Forging
34:21 Chain Mail Armor
37:27 Imperial Age
35:28 Treadmill Crane
35:44 Murder Holes
39:32 Plate Mail Armor
39:37 Iron Casting
39:50 Conscription
40:30 Gold Shaft Mining
39:20 Elite Hearth Troop
40:54 Iron Casting
40:12 Shield Wall
42:48 Bracer
44:19 Elite Varangian Guard
46:28 Chemistry
bailey
6:47 Loom
9:10 Feudal Age
10:47 Double-Bit Axe
24:30 Castle Age
23:08 Fletching
33:16 Bodkin Arrow
37:59 Husbandry
Guille
7:56 Loom
10:22 Feudal Age
14:31 Castle Age
12:44 Double-Bit Axe
21:58 Forging
28:06 Scale Barding Armor
29:33 Wheelbarrow
30:37 Fletching
31:33 Ballistics
31:04 Horse Collar
32:58 Chain Barding Armor
36:35 Vendel Legacy
37:29 Heavy Plow
38:08 Iron Casting
38:34 Bloodlines
39:04 Herbal Medicine
39:42 Husbandry
43:54 Imperial Age
41:44 Masonry
41:59 Bodkin Arrow
45:18 Architecture
45:49 Chemistry
44:54 Elite Jarl
45:56 Gothikon
Calcetin
4:41 Loom
12:24 Feudal Age
27:15 Castle Age
米德维奇小学副校长
6:29 Loom
6:51 Loom
10:15 Feudal Age
11:18 Double-Bit Axe
12:20 Wheelbarrow
12:29 Horse Collar
13:31 Scale Barding Armor
20:04 Castle Age
21:09 Husbandry
21:24 Forging
24:05 Bloodlines
29:57 Light Cavalry
33:41 Iron Casting
37:36 Chain Barding Armor
40:01 Imperial Age
38:44 Hand Cart
38:41 Horse Collar
40:51 Gold Mining
43:04 Caravan
46:40 Thunderclap Bombs
46:40 Siege Engineers
小天
9:11 Loom
11:32 Feudal Age
15:29 Fletching
15:39 Padded Archer Armor
25:49 Castle Age
25:54 Crossbowman
26:39 Thumb Ring
30:11 Bodkin Arrow
35:34 Ballistics
43:31 Imperial Age
43:41 Arbalester
44:29 Bracer
44:45 Leather Archer Armor
陌陌伽
7:00 Loom
9:22 Feudal Age
10:17 Double-Bit Axe
13:47 Bloodlines
19:31 Gold Mining
20:37 Forging
20:38 Scale Barding Armor
23:46 Castle Age
25:51 Husbandry
28:42 Gold Shaft Mining
30:26 Wheelbarrow
32:10 Bow Saw
34:49 Chain Barding Armor
35:50 Hand Cart
42:07 Imperial Age
40:47 Stone Mining
42:10 Cavalier
43:33 Plate Barding Armor
43:34 Iron Casting
48:05 Blast Furnace
余念
7:22 Loom
9:43 Feudal Age
13:21 Fletching
14:07 Double-Bit Axe
18:44 Padded Archer Armor
20:27 Gold Mining
23:20 Castle Age
23:42 Crossbowman
24:21 Bodkin Arrow
30:00 Leather Archer Armor
30:53 Stone Mining
31:49 Bow Saw
34:39 Wheelbarrow
34:52 Ballistics
38:19 Yeomen
41:32 Imperial Age
40:09 Gold Shaft Mining
41:34 Yeomen
44:10 Bracer
45:16 Conscription
45:30 Guilds
46:58 Elite Longbowman
Connection lost

Rejoining the realm…

Still unreachable

The connection could not be restored.

Session expired

The server has moved on; the page needs a fresh start.